 Dungeon Crawl Stone Soup version 0.20.1-1-g8b1a95d (webtiles) character file.

270 RepoMan the Slasher (level 6, 0/51 (52) HPs)
             Began as a Ghoul Warper on Oct 6, 2017.
             Was an Initiate of Ashenzari.
             Killed by divine providence
             ... invoked by an orc priest
              (13 damage)
             ... on level 4 of the Dungeon.
             The game lasted 00:22:33 (3033 turns).

RepoMan the Slasher (Ghoul Warper)                  Turns: 3033, Time: 00:22:36

HP:   0/51 (52)     AC:  5    Str: 15    XL:     6   Next: 22%
MP:   9/9           EV: 11    Int: 10    God:    Ashenzari [......]
Gold: 148           SH:  0    Dex:  8    Spells: 8/10 levels left

rFire    . . .     SeeInvis .   t - +0 long sword (curse)
rCold    + . .     Gourm    .   (no shield)
rNeg     + + +     Faith    .   b - +0 leather armour
rPois    ∞         Spirit   .   v - +1 hat
rElec    .         Reflect  .   s - +0 cloak
rCorr    .         Harm     .   (no gloves)
MR       .....                  (no boots)
Stlth    +.........             (no amulet)
Regen    0.0/turn               (no ring)
MPRegen  0.2/turn               (no ring)

@: rotting
A: rotting body, claws 1, carnivore 3, cold resistance 1, negative energy
resistance 3, inhibited regeneration, torment resistance, unbreathing
a: Curse Item, Renounce Religion


You were on level 4 of the Dungeon.
You worshipped Ashenzari.
Ashenzari was noncommittal.
You were not hungry.

You visited 2 branches of the dungeon, and saw 5 of its levels.

You collected 148 gold pieces.

Inventory:

Hand Weapons
 t - a cursed +0 long sword (weapon)
Missiles
 e - 5 tomahawks of dispersal (quivered)
Armour
 b - a +0 leather armour (worn)
 s - a +0 cloak (worn)
 v - a +1 hat (worn)
 w - a +1 pair of gloves
Scrolls
 g - 2 scrolls of teleportation {unknown}
 j - 4 scrolls of remove curse
 o - a scroll of enchant weapon {unknown}
 p - 3 scrolls of identify {unknown}
 q - a scroll of immolation {unknown}
Potions
 a - a potion of cancellation {unknown}
 d - a potion of degeneration {unknown}
 h - a potion of flight {unknown}
 i - 2 potions of ambrosia {unknown}
 k - 2 potions of lignification {unknown}
 m - a potion of curing {unknown}
 n - 2 potions of heal wounds {unknown}
 r - 2 potions of resistance {unknown}
 u - a potion of brilliance {unknown}
Books
 c - a book of Spatial Translocations

   Spells                             Type                      Level
   a - Blink                          Translocation                2
   b - Shroud of Golubria             Charms/Translocation         2
   c - Lesser Beckoning               Translocation                3
   d - Gell's Gravitas                Translocation                3
   e - Teleport Other                 Translocation                3
   f - Passage of Golubria            Translocation                4
Comestibles
 f - 2 meat rations
 l - a royal jelly


   Skills:
 + Level 3.8 Fighting
 * Level 4.0 Long Blades
 - Level 0.8 Throwing
 - Level 0.8 Armour
 - Level 1.7 Dodging
 + Level 2.9 Spellcasting
 + Level 3.1 Translocations


You had 8 spell levels left.
You knew the following spells:

 Your Spells              Type           Power        Failure   Level  Hunger
b - Blink                 Tloc           N/A          14%         2    ###....


Dungeon Overview and Level Annotations

Branches:
Dungeon (4/15)             Temple (1/1) D:4

Altars:
Ashenzari
Cheibriados
Dithmenos
Elyvilon
Fedhas
Gozag
Hepliaklqana
Kikubaaqudgha
Makhleb
Nemelex Xobeh
Okawaru
Qazlal
Ru
Sif Muna
Trog
Uskayaw
Vehumet
Xom
Zin
The Shining One

Shops:
D:4 (*


Innate Abilities, Weirdness & Mutations

Your body is rotting away.
You thrive on raw meat.
You are immune to poison.
You have sharp fingernails.
You are carnivorous and can eat meat at any time.
Your flesh is cold resistant. (rC+)
You are immune to negative energy. (rN+++)
You do not regenerate when monsters are visible.
You are immune to unholy pain and torment.
You can survive without breathing.


Message History

The orc wizard shouts!
The orc priest shouts!
The orc wizard shouts!
The orc priest invokes the aid of Beogh against you.
Beogh smites you!
Found a stone staircase leading up.
There is an open door here.
You close the door.
An orc wizard opens the door.
The orc priest mumbles some strange prayers to Beogh against you.
Beogh smites you!
The orc priest miscasts a cantrip.
The orc priest mumbles some strange prayers to Beogh against you.
Beogh smites you!
* * * LOW HITPOINT WARNING * * *
The orc priest looks encouraged for a moment.
The orc wizard mumbles some strange words.
The orc wizard flickers and vanishes!
Deactivating autopickup; reactivate with Ctrl-A.
The orc priest calls down the wrath of Beogh upon you.
Beogh smites you!
You die...

####..#......# ##..###+###+###
..#...#......# +(.............
..'...#......# #..............
..#...#......#######............∩
..#...#............#.............
..##..#..........................
####..#.......#.).#.#####..###...
#...#........#.#.....##..# #...
#...#.........@......#.........
#...#.......{#.#.....+.........
#[..'......o#.o.#....#.........
#...#...%....o.......###+###..
#...#......#....#...... ##
#...#......#....+.......
#...#......'....#.......
#...#......#....# ##..
#...#......#....#


You could see 2 orc priests and an orc wizard.

Vanquished Creatures
  Blork the orc (D:4)
  An orc priest (D:4)
  An iguana (D:4)
  A worker ant (D:4)
  2 adders (D:2)
  2 oozes (D:2)
  An adder skeleton (D:4)
  A dart slug (D:1)
  A leopard gecko (D:2)
  4 orcs
  A ball python (D:1)
  4 giant cockroaches
  6 goblins
  6 hobgoblins
  21 jackals
  2 quokkas (D:3)
  7 bats
  3 frilled lizards
  5 kobolds
  A leopard gecko skeleton (D:4)
  9 rats
80 creatures vanquished.

Notes
Turn   | Place    | Note
-------+----------+-------------------------------------------
     0 | D:1      | RepoMan the Ghoul Warper began the quest for the Orb.
     0 | D:1      | Reached XP level 1. HP: 17/17 MP: 2/2
    33 | D:1      | Reached skill level 2 in Long Blades
    38 | D:1      | Reached XP level 2. HP: 5/25 MP: 4/4
   343 | D:1      | Reached XP level 3. HP: 30/30 MP: 5/5
   700 | D:1      | Learned a level 2 spell: Blink
  1021 | D:2      | Reached XP level 4. HP: 34/37 MP: 6/6
  1064 | D:2      | Reached skill level 3 in Long Blades
  1244 | D:2      | Found a snail-covered altar of Cheibriados.
  1594 | D:3      | Found a bloodstained altar of Trog.
  1594 | D:3      | Found a white marble altar of Elyvilon.
  1596 | D:3      | Found a shattered altar of Ashenzari.
  1598 | D:3      | Found a hazy altar of Hepliaklqana.
  1599 | D:3      | Found a glowing silver altar of Zin.
  1634 | D:3      | Became a worshipper of Ashenzari the Shackled
  2261 | D:4      | Found a staircase to the Ecumenical Temple.
  2272 | Temple   | Entered the Ecumenical Temple
  2353 | D:4      | Found Qyma's Antique Weapon Emporium.
  2629 | Temple   | Reached XP level 5. HP: 24/45 MP: 7/7
  2717 | D:4      | Found Opuirr's General Store.
  2853 | D:4      | Noticed Blork the orc
  2869 | D:4      | Killed Blork the orc
  2869 | D:4      | Reached XP level 6. HP: 21/52 MP: 9/9
  2976 | D:4      | Reached skill level 4 in Long Blades
  3033 | D:4      | Killed from afar by an orc priest

Skill      XL: |  1  2  3  4  5  6 |
---------------+-------------------+-----
Long Blades    | 2 3 4 |  4.0
Spellcasting   | 2 |  2.9
Fighting       | 3 |  3.8
Translocations | 3 |  3.1
Throwing       | |  0.8
Armour         | |  0.8
Dodging        | |  1.7

Action                   |  1- 3 |  4- 6 || total
-------------------------+-------+-------++-------
Melee: Falchion          |   137 |    61 ||   198
       Long sword        |       |    78 ||    78
  Use: Scroll            |     1 |     1 ||     2
  Eat: Chunk             |    18 |    23 ||    41
Armor: Leather armour    |    37 |    31 ||    68
Dodge: Dodged            |    85 |   119 ||   204
       Rpst.: Falchion   |    32 |    13 ||    45
       Long sword        |       |    26 ||    26
